 Dungeon Crawl Stone Soup version 0.16.2-12-gd0ad4c3 (webtiles) character file.

140 RepoMan the Chopper (level 5, 0/42 HPs)
             Began as a Minotaur Warper on Oct 23, 2015.
             Succumbed to Kira's ghost's poison
             ... on level 3 of the Dungeon.
             The game lasted 00:17:04 (2638 turns).

RepoMan the Chopper (Minotaur Warper)               Turns: 2638, Time: 00:17:04

Health: 0/42       AC:  4    Str: 15    XL:     5   Next: 2%
Magic:  6/6        EV: 12    Int: 11    God:
Gold:   86         SH:  0    Dex: 10    Spells: 2 memorised, 5 levels left

rFire  . . .     SeeInvis .     a - +0 hand axe
rCold  . . .     Clarity  .     b - +0 leather armour
rNeg   . . .     SustAb   .     (no shield)
rPois  .         Gourm    .     (helmet restricted)
rElec  .         Spirit   .     t - +0 cloak
rCorr  .         Warding  .     (no gloves)
rMut   .         Stasis   .     (no boots)
MR     .....                    (no amulet)
Stlth  +.........               (no ring)
                                g - ring of invisibility

@: lethally poisoned (0 -> -21), very slightly contaminated, not resistant to
hostile enchantments, very unstealthy
A: retaliatory headbutt, horns 2
a: Evoke Invisibility


You were on level 3 of the Dungeon.
You were hungry.

You visited 1 branch of the dungeon, and saw 3 of its levels.
You also visited: Sewer.

You collected 86 gold pieces.

Inventory:

Hand weapons
 a - a +0 hand axe (weapon)
 n - a +1 dagger of electrocution
Missiles
 e - 2 tomahawks of dispersal (quivered)
 j - 10 bolts
Armour
 b - a +0 leather armour (worn)
 t - a +0 cloak (worn)
Jewellery
 g - a ring of invisibility (left hand)
 k - an uncursed amulet of stasis
Scrolls
 h - 6 scrolls of remove curse
 q - a scroll of magic mapping {unknown}
Potions
 l - a potion of restore abilities
 s - a potion of might {unknown}
Books
 c - a book of Spatial Translocations

   Spells                             Type                      Level
   a - Apportation                    Translocation                1
   b - Blink                          Translocation                2
   c - Shroud of Golubria             Charms/Translocation         2
   d - Portal Projectile              Translocation                3
   e - Teleport Other                 Translocation                3
   f - Passage of Golubria            Translocation                4
Comestibles
 f - a bread ration
 i - a beef jerky
 m - 3 meat rations
 p - 2 chunks of flesh


   Skills:
 - Level 2.4 Fighting
 * Level 4.3 Axes
 - Level 1.0 Throwing
 - Level 1.2 Armour
 - Level 2.1 Dodging
 + Level 2.2 Spellcasting
 + Level 2.8 Translocations
 + Level 0.6 Evocations


You had 5 spell levels left.
You knew the following spells:

 Your Spells              Type           Power        Failure   Level  Hunger
a - Apportation           Tloc           #.........   14%         1    ##.....
b - Blink                 Tloc           N/A          21%         2    ###....


Dungeon Overview and Level Annotations

Branches:
Dungeon (3/15)

Altars:
Zin


Innate Abilities, Weirdness & Mutations

You reflexively headbutt those who attack you in melee.
You have a pair of horns on your head.


Message History

You feel sick.
* * * LOW HITPOINT WARNING * * *
You feel sick.
* * * LOW HITPOINT WARNING * * *
You feel very sick.
* * * LOW HITPOINT WARNING * * *
You feel sick.
* * * LOW HITPOINT WARNING * * *
You feel sick.
There is an empty arch of ancient stone here.
* * * LOW HITPOINT WARNING * * *
You feel sick.
Kira's ghost screams, "You will join me soon!"
There is a gate leading back out of this place here.
* * * LOW HITPOINT WARNING * * *
You feel sick. Kira's ghost hits you.
* * * LOW HITPOINT WARNING * * *
You are more poisoned.
Welcome back to the Dungeon!
You die...

.. ....... ..
........ .. ..
.h#......##. .
...#.....b...
....h.......#
..#.........##
.....h≈≈≈....#.#
#..≈≈≈≈≈.....#
#..≈≈@r≈.[.#.#
#...≈≈≈≈≈g..#
......≈≈≈.......
.#...............
................
#...%.........
..>.........
.......#.. #.##


You could see 3 jackals, a hobgoblin, a bat and a rat.

Vanquished Creatures
  Ijyb (D:2)
  Jessica (D:2)
  3 adders
  2 giant mites
  2 worms (D:2)
  An ooze (D:2)
  An orc (D:1)
  3 ball pythons (Sewer)
  4 bats
  A giant cockroach (D:2)
  7 hobgoblins
  7 kobolds
  A quokka (D:3)
  5 giant newts
  3 goblins
  9 jackals
  3 plants (Sewer)
54 creatures vanquished.

Notes
Turn   | Place    | Note
--------------------------------------------------------------
     0 | D:1      | RepoMan, the Minotaur Warper, began the quest for the Orb.
     0 | D:1      | Reached XP level 1. HP: 18/18 MP: 2/2
    59 | D:1      | Reached XP level 2. HP: 20/25 MP: 2/2
    67 | D:1      | Learned a level 2 spell: Blink
   658 | D:1      | Reached skill level 3 in Axes
  1054 | D:2      | Noticed Jessica
  1062 | D:2      | Reached XP level 3. HP: 15/30 MP: 4/4
  1063 | D:2      | Killed Jessica
  1295 | D:2      | Noticed Ijyb
  1304 | D:2      | Killed Ijyb
  1304 | D:2      | Reached XP level 4. HP: 37/37 MP: 2/4
  1391 | D:2      | Found a glowing silver altar of Zin.
  1410 | D:2      | Reached skill level 4 in Axes
  2198 | D:3      | Found a glowing drain.
  2203 | Sewer    | Entered a sewer
  2468 | Sewer    | Noticed Kira's ghost (average SpEn)
  2528 | Sewer    | Reached XP level 5. HP: 39/42 MP: 6/6
  2637 | Sewer    | HP: 2/42 [Kira's ghost (1)]
  2638 | D:3      | Succumbed to Kira's ghost's poison

Action                   |  1- 3 |  4- 6 || total
-------------------------+-------+-------++-------
Melee: Hand axe          |    63 |   163 ||   226
       War axe           |       |     2 ||     2
Throw: Tomahawk          |     2 |     1 ||     3
 Cast: Apportation       |     1 |     7 ||     8
 Abil: Evoke Invisibilit |     1 |       ||     1
  Use: Scroll            |       |     4 ||     4
       Potion            |       |     3 ||     3
 Stab: Invisible         |     1 |       ||     1
  Eat: Chunk             |     1 |     5 ||     6
